 Dungeon Crawl Stone Soup version 0.29.1-1-gd02db6906a (webtiles) character file.

Game seed: 5629709217309008276

836 theUnderdog the Ruffian (level 7, -2/100 HPs)
             Began as a Troll Berserker on Oct 4, 2022.
             Was a Believer of Trog.
             Slain by a gnoll sergeant
             ... wielding a +0 spear
              (7 damage)
             ... on level 5 of the Dungeon.
             The game lasted 00:32:16 (2622 turns).

theUnderdog the Ruffian (Troll Berserker)           Turns: 2622, Time: 00:32:17

Health: -2/100     AC:  6    Str: 28    XL:     7   Next: 66%
Magic:  15/15      EV: 10    Int:  1    God:    Trog [**....]
Gold:   173        SH:  5    Dex:  9    Spells: 6/6 levels left

rFire   . . .      SeeInvis .   H - +0 flail (drain)
rCold   . . .      Faith    .   (no shield)
rNeg    . . .      Spirit   .   a - +0 animal skin
rPois   .          Reflect  +   (helmet restricted)
rElec   .          Harm     .   f - +1 cloak
rCorr   .          Rampage  .   (gloves unavailable)
Will    ++...                   (boots unavailable)
Stlth   ..........              s - amulet of reflection
HPRegen 2.06/turn               u - ring of magical power
MPRegen 0.14/turn               (no ring)

@: berserking, strong-willed (expiring), regenerating (expiring), very quick
A: large, unfitting armour, claws 3, regeneration 1, shaggy fur 1, tough skin 1,
dopey 1, sturdy frame 1
a: Renounce Religion, Berserk, Trog's Hand


You were on level 5 of the Dungeon.
You worshipped Trog.
Trog was pleased with you.
You visited 1 branch of the dungeon, and saw 5 of its levels.

You collected 173 gold pieces.

Inventory:

Hand Weapons
 i - a +0 giant club
 r - a +0 spear
 t - a +0 scythe
 y - a +4 quarterstaff of chaos
 C - a +0 hammer
 H - a +0 flail of draining (weapon)
Missiles
 d - a poisoned dart (quivered)
 g - 47 stones
Armour
 a - a +0 animal skin (worn)
 e - a +0 leather armour
 f - a +1 cloak (worn)
 m - a +0 chain mail
 q - a +0 helmet
 B - a +0 cloak
 I - a +0 scale mail
Magical Staves
 v - a staff of death
Jewellery
 s - an amulet of reflection (around neck)
 u - a ring of magical power (left claw)
Wands
 n - a wand of charming (12)
Scrolls
 b - a scroll of identify
 c - 3 scrolls of poison
 h - 2 scrolls of teleportation
 j - 2 scrolls of fog {unknown}
 o - a scroll of amnesia {unknown}
 p - a scroll of vulnerability {unknown}
 w - a scroll of enchant weapon {unknown}
 E - a scroll of enchant armour {unknown}
Potions
 k - a potion of degeneration
 l - a potion of heal wounds {unknown}
 x - a potion of invisibility {unknown}
 z - 2 potions of magic {unknown}
 A - a potion of curing {unknown}
 D - a potion of mutation
 F - a potion of flight {unknown}
 G - a potion of lignification {unknown}


   Skills:
 + Level 3.2 Fighting
 + Level 1.0 Maces & Flails
 + Level 1.6 Throwing
 + Level 4.5 Dodging
 + Level 0.7 Stealth
 + Level 1.0 Shields
 + Level 6.5 Unarmed Combat


You had 6 spell levels left.
You didn't know any spells.
Your spell library contained the following spells:

 Spells                   Type           Power      Damage    Failure   Level
 Ignite Poison            Fire/Tmut/Pois 0%         N/A       91%         3
 Mephitic Cloud           Conj/Pois/Air  0%         N/A       91%         3
 Freezing Cloud           Conj/Ice/Air   0%         6-21      100%        5


Dungeon Overview and Level Annotations

Branches:
Dungeon (5/15)
 Temple: D:4-7

Altars:
Xom
The Shining One


Innate Abilities, Weirdness & Mutations

You are too large for most types of armour.
You have claws for hands.
Your natural rate of healing is unusually fast.
You are covered in fur. (AC +1)
You have tough skin. (AC +1)
You are dopey. (Int -2)
Your movements are slightly less encumbered by armour. (ER -2)


Message History

Things that are here:
a +0 flail; the human corpse of Edmund Your skin crawls.
You feel strong-willed.
Throw: 2 darts (poison)
Press: ? - help, Q - select action, (/) - cycle Shift-Dir - straight line, f/p - gnoll sergeant
Aim: a gnoll sergeant, wielding a +0 spear and wearing a +0 scale mail (moderately wounded, 62% to hit)
You throw a poisoned dart.
The poisoned dart hits the gnoll sergeant.
The gnoll sergeant is poisoned.
The gnoll sergeant is moderately wounded.
The gnoll sergeant closely misses you.
You closely miss the gnoll sergeant.
The gnoll sergeant is moderately wounded.
The gnoll hits you from afar with a +0 halberd!
You hit the gnoll sergeant.
The gnoll sergeant is heavily wounded.
The gnoll sergeant barely misses you. You block the gnoll's attack.
You hit the gnoll sergeant.
The gnoll sergeant is severely wounded.
You feel the effects of Trog's Hand fading.
The gnoll closely misses you.
The gnoll sergeant hits you with a +0 spear.
The gnoll sergeant hits you with a +0 spear!
* * * LOW HITPOINT WARNING * * *
The gnoll hits you from afar with a +0 halberd.
* * * LOW HITPOINT WARNING * * *
The gnoll sergeant hits you with a +0 spear.
* * * LOW HITPOINT WARNING * * *
You barely miss the gnoll sergeant.
The gnoll sergeant is almost dead.
The gnoll hits you from afar with a +0 halberd!
* * * LOW HITPOINT WARNING * * *
The gnoll sergeant hits you with a +0 spear!
* * * LOW HITPOINT WARNING * * *
A red film seems to cover your vision as you go berserk!
You feel yourself moving faster!
You feel mighty!
The gnoll sergeant looks more healthy.
The gnoll misses you.
The gnoll sergeant hits you with a +0 spear!
You die...

#..#.# #.... #..#.
#... +..# #..# #..#
#@.# #.g# #g.#
#'##############..#
.(...........g....#
........).........#
.......>.).g......#
###.#.####)####..##
#.#<# #)# ##.#


You could see a gnoll sergeant and a gnoll.

Vanquished Creatures
  Sigmund (D:3)
  Menkaure (D:5)
  Edmund (D:5)
  An ogre (D:4)
  A scorpion (D:3)
  A jelly (D:4)
  Crazy Yiuf (D:3)
  Natasha (thrice) (D:3)
  11 gnolls
  4 adders
  A worm (D:2)
  3 dart slugs
  An orc (D:3)
  10 ball pythons
  8 endoplasms
  A giant cockroach (D:1)
  5 goblins
  11 hobgoblins
  2 jackals (D:2)
  8 kobolds
  3 quokkas
  3 bats
  3 frilled lizards
  7 rats
91 creatures vanquished.

Vanquished Creatures (others)
  3 plants (D:5)
3 creatures vanquished.

Grand Total: 94 creatures vanquished

Notes
Turn   | Place    | Note
-------+----------+-------------------------------------------
     0 | D:1      | theUnderdog the Troll Berserker began the quest for the
                  | Orb.
     0 | D:1      | Reached XP level 1. HP: 22/22 MP: 0/0
   137 | D:1      | Reached XP level 2. HP: 29/29 MP: 1/1
   593 | D:2      | Reached ** piety under Trog
   594 | D:2      | Reached XP level 3. HP: 36/36 MP: 2/2
  1097 | D:2      | Reached skill level 4 in Unarmed Combat
  1136 | D:2      | Gained mutation: You are dopey. (Int -2) [potion of
                  | mutation]
  1136 | D:2      | Gained mutation: Your movements are slightly less
                  | encumbered by armour. (ER -2) [potion of mutation]
  1196 | D:2      | Reached XP level 4. HP: 43/44 MP: 3/3
  1258 | D:3      | Noticed a scorpion
  1280 | D:3      | Killed a scorpion
  1322 | D:3      | Noticed Sigmund
  1359 | D:3      | Killed Sigmund
  1360 | D:3      | Reached skill level 5 in Unarmed Combat
  1360 | D:3      | Reached XP level 5. HP: 44/52 MP: 4/4
  1360 | D:3      | Reached XP level 6. HP: 50/59 MP: 5/5
  1399 | D:3      | Found a glowing golden altar of the Shining One.
  1460 | D:3      | Noticed Natasha
  1469 | D:3      | Killed Natasha
  1475 | D:3      | Noticed Natasha
  1482 | D:3      | Killed Natasha
  1503 | D:3      | Noticed Natasha
  1508 | D:3      | Killed Natasha
  1680 | D:3      | Found a shimmering altar of Xom.
  1692 | D:3      | Reached skill level 6 in Unarmed Combat
  1826 | D:3      | Found a runed translucent door.
  1827 | D:3      | Noticed Crazy Yiuf
  1833 | D:3      | Killed Crazy Yiuf
  2052 | D:4      | Reached XP level 7. HP: 38/67 MP: 6/6
  2254 | D:4      | Reached skill level 1 in Throwing
  2491 | D:5      | Entered Level 5 of the Dungeon
  2496 | D:5      | Noticed Menkaure
  2496 | D:5      | Noticed Edmund
  2516 | D:5      | Killed Edmund
  2522 | D:5      | Killed Menkaure
  2523 | D:5      | Reached skill level 1 in Shields
  2587 | D:5      | Reached skill level 1 in Maces & Flails
  2621 | D:5      | HP: 2/67 [gnoll sergeant/+0 spear (7)]
  2622 | D:5      | Slain by a gnoll sergeant

Illustrated notes

Levels and vault maps discovered:
D:1:      elethiomel_arrival_infinity_welcomes_careful_drivers, layout_basic,
          hangedman_decor_diamond_cutter
D:2:      layout_loops_ring, minmay_divided_ellipse
D:3:      layout_basic, mainiacjoe_overflow_concentric_impassable,
          nicolae_overflow_crystal_walls, minmay_misc_feat_iff,
          uniq_crazy_yiuf_cottage, uniq_sigmund, uniq_natasha
D:4:      layout_cave_pods, grunt_temple_overflow_open, corner_web_ring,
          chequers_serial_rivers_room_b
D:5:      layout_basic, serial_glass, glass_columns_a, glass_columns_a,
          hex_large, minmay_tree_intersection, guppyfry_early_lair_pool,
          uniq_menkaure, uniq_edmund

Skill      XL: |  1  2  3  4  5  6  7 |
---------------+----------------------+-----
Unarmed Combat | 4 5 6 |  6.5
Dodging        | 3 4 |  4.5
Fighting       | 3 |  3.2
Throwing       | 1 |  1.6
Shields        | 1 |  1.0
Maces & Flails | 1 |  1.0
Stealth        | |  0.7

Action                   |  1- 3 |  4- 6 |  7- 9 || total
-------------------------+-------+-------+-------++-------
Melee: Unarmed           |    92 |    87 |    35 ||   214
       Punch             |       |     1 |     2 ||     3
       Giant club        |       |       |    99 ||    99
       Flail             |       |       |    14 ||    14
Throw: Dart              |     4 |     3 |    13 ||    20
Invok: Berserk           |     1 |     2 |     2 ||     5
       Trog's Hand       |       |     1 |     2 ||     3
  Use: Scroll            |     3 |     1 |       ||     4
       Potion            |     1 |     2 |       ||     3
Armor: Animal skin       |    27 |    17 |    74 ||   118
Dodge: Dodged            |    27 |    35 |   101 ||   163
Block: Other             |       |     8 |    40 ||    48
